 Dungeon Sprint DCSS version 0.28.0-45-g0d030f2227 (webtiles) character file.

Game seed: 6171388428511308661

3009 Groucho the Unseen (level 9, -9/48 HPs)
             Began as a Spriggan Enchanter on Apr 4, 2022.
             Was a Believer of Dithmenos.
             Mangled by a death drake (10 damage)
             ... in the Dungeon (Sprint II: "The Violet Keep of Menkaure").
             The game lasted 00:08:45 (1441 turns).

Groucho the Unseen (Spriggan Enchanter)             Turns: 1441, Time: 00:08:46

Health: -9/48      AC:  2    Str:  8    XL:     9   Next: 54%
Magic:  4/23       EV: 25    Int: 17    God:    Dithmenos [**....]
Gold:   537        SH:  0    Dex: 15    Spells: 15/26 levels left

rFire   . . .      SeeInvis +   a - +1 dagger
rCold   . . .      Faith    .   (no shield)
rNeg    . . .      Spirit   .   b - +0 robe
rPois   +          Reflect  .   (helmet restricted)
rElec   .          Harm     .   (no cloak)
rCorr   .          Rampage  .   (gloves unavailable)
Will    +....      NoTele   +   (boots unavailable)
Stlth   ++++++++..              (no amulet)
HPRegen 0.16/turn               c - ring of poison resistance
MPRegen 0.18/turn               (no ring)

@: lethally poisoned (-9 -> -15), slowed, wreathed by umbra, quick
A: very small, no large weapons, unfitting armour, see invisible, speed 3
a: Renounce Religion, Shadow Step


You were in the Dungeon.
You worshipped Dithmenos.
Dithmenos was pleased with you.
You visited 1 branch You collected 810 gold pieces.
You spent 273 gold pieces at shops.

Inventory:

Hand Weapons
 a - a +1 dagger (weapon)
 e - a +2 arbalest of flaming
Missiles
 f - 16 bolts
Armour
 b - a +0 robe (worn)
Jewellery
 c - a ring of poison resistance (left hand)
Potions
 g - a potion of magic
 h - a potion of berserk rage


   Skills:
 + Level 6.0 Fighting
 + Level 10.3 Short Blades
 * Level 13.7 Dodging
 - Level 15.4 Stealth
 + Level 9.2 Spellcasting
 * Level 12.7 Hexes


You had 15 spell levels left.
You knew the following spells:

 Your Spells              Type           Power      Damage    Failure   Level
a - Confusing Touch       Hex            50%        N/A       1%          3
b - Ensorcelled Hibernat  Hex/Ice        58%        N/A       1%          2
c - Dazzling Flash        Conj/Hex       58%        N/A       1%          3
d - Tukima's Dance        Hex            50%        N/A       1%          3

Your spell library contained the following spells:

 Spells                   Type           Power      Damage    Failure   Level


Dungeon Overview and Level Annotations

Branches:
Dungeon (1/1)

Altars:
Cheibriados
Dithmenos
Elyvilon
Fedhas
Gozag
Hepliaklqana
Kikubaaqudgha
Makhleb
Nemelex Xobeh
Okawaru
Qazlal
Ru
Sif Muna
Trog
Uskayaw
Vehumet
Wu Jian
Xom
Yredelemnul
Zin
The Shining One
Beogh
Jiyva
Lugonu

Shops:
D [:[*:=!?=!(:=?!

Annotations:
D exclusion: oklob plant


Innate Abilities, Weirdness & Mutations

You are very small and have problems with some larger weapons.
You are too small for most types of armour.
You have supernaturally acute eyesight. (SInv)
You cover ground extremely quickly. (Speed+++)


Message History

The death drake breathes miasma at you. The foul vapour misses you.
The death drake completely misses you.
Casting: Ensorcelled Hibernation (safe; 1% risk of failure)
Confirm with . or Enter, or press ? or * to list all spells.
Aiming: Ensorcelled Hibernation (safe; 1% risk of failure)
Press: ? - help, Shift-Dir - straight line, f/p - death drake
Aim: a death drake (foul pestilence, umbra, chance to affect: 41%)
The death drake resists with some effort.
You are engulfed in dark miasma.
The death drake completely misses you.
Casting: Ensorcelled Hibernation (safe; 1% risk of failure)
Confirm with . or Enter, or press ? or * to list all spells.
Aiming: Ensorcelled Hibernation (safe; 1% risk of failure)
Press: ? - help, Shift-Dir - straight line, f/p - death drake
Aim: a death drake (foul pestilence, umbra, chance to affect: 41%)
The death drake resists with some effort.
You are engulfed in dark miasma.
You are poisoned.
You feel yourself slow down.
* * * LOW HITPOINT WARNING * * *
x2 You feel very sick.
The death drake completely misses you.
Unknown command.
Unknown command.
You feel better.
You are engulfed in dark miasma.
* * * LOW HITPOINT WARNING * * *
The death drake closely misses you. The death drake bites you.
* * * LOW HITPOINT WARNING * * *
Unknown command.
Casting: Ensorcelled Hibernation (safe; 1% risk of failure)
Confirm with . or Enter, or press ? or * to list all spells.
Aiming: Ensorcelled Hibernation (safe; 1% risk of failure)
Press: ? - help, Shift-Dir - straight line, f/p - death drake
Aim: a death drake (umbra, chance to affect: 41%)
The death drake resists with some effort.
You are engulfed in dark miasma.
You are lethally poisoned!
* * * LOW HITPOINT WARNING * * *
x2 You feel very sick.
The death drake bites you!
You die...

####≈≈≈.... .. ...#≈≈≈≈.# .. #^ 9
...#≈≈≈≈## ##.#### +.##(
...#≈≈≈≈#.###.# ...# .^.####
∩..#≈≈####.#.####..## #..##.#▓!(
.∩.#≈##.###'###.##..# +..#..#▓?|
∩.∩#≈#...##.###..#..# #^.#..#▓(|
.∩.'≈'##.'.<.'.##k..####..##.#▓?[
..∩#≈#.####.###.@#....###...##▓▓▓
▓###≈##.# #'###.##...°°k°≈≈≈≈≈≈≈≈
####≈≈######.####≈§§..°°°#'######
##≈≈≈#..##.#≈≈§≈≈≈≈°°°#....._. .
#'#≈##...##≈≈≈≈§≈≈≈.≈#...._._ ##
#†#≈≈##+##≈≈≈≈≈≈≈≈≈≈≈#..._._. ###
≈≈≈ ≈≈≈≈≈≈≈§§§≈≈≈#.._._._
+++#+++#≈≈§≈§§≈≈≈#._._._. .
##≈§§###≈≈#_._._._


You could see a death drake.

Vanquished Creatures
  A death drake (D)
  A yaktaur (D)
  3 polar bears (D)
  A hornet (D)
  2 wyverns (D)
  A vampire mosquito (D)
  4 neqoxecs (D)
  2 water moccasins (D)
  4 scorpions (D)
  3 worms (D)
22 creatures vanquished.

Vanquished Creatures (others)
  Menkaure (D)
1 creature vanquished.

Grand Total: 23 creatures vanquished

Notes
Turn   | Place    | Note
-------+----------+-------------------------------------------
     0 | D        | Groucho the Spriggan Enchanter began the quest for the Orb.
     0 | D        | Reached XP level 1. HP: 9/9 MP: 5/5
    15 | D        | Reached skill level 5 in Stealth
    18 | D        | Noticed a neqoxec
    22 | D        | Killed a neqoxec
    23 | D        | Reached skill level 8 in Stealth
    23 | D        | Reached XP level 2. HP: 15/15 MP: 5/8
    23 | D        | Reached XP level 3. HP: 18/18 MP: 6/10
    23 | D        | Reached XP level 4. HP: 23/23 MP: 6/11
    23 | D        | Reached XP level 5. HP: 26/26 MP: 6/12
    23 | D        | Noticed a neqoxec
    24 | D        | Killed a neqoxec
    25 | D        | Reached skill level 9 in Stealth
    25 | D        | Reached skill level 5 in Spellcasting
    25 | D        | Reached XP level 6. HP: 32/32 MP: 6/15
    25 | D        | Noticed a neqoxec
    25 | D        | Noticed a neqoxec
    27 | D        | Killed a neqoxec
    28 | D        | Reached skill level 10 in Stealth
    29 | D        | Killed a neqoxec
    30 | D        | Reached skill level 11 in Stealth
    30 | D        | Reached XP level 7. HP: 37/37 MP: 6/17
    39 | D        | Noticed a wyvern
    39 | D        | Noticed a wyvern
    42 | D        | Killed a wyvern
    43 | D        | Reached skill level 12 in Stealth
    45 | D        | Killed a wyvern
    46 | D        | Reached skill level 10 in Dodging
    54 | D        | Reached skill level 10 in Hexes
    59 | D        | Reached XP level 8. HP: 42/42 MP: 8/19
    70 | D        | Found Cekhlah's Distillery.
    71 | D        | Found Aloi's Magic Scroll Boutique.
    71 | D        | Found Cojiadujo's Antique Weapon Shop.
    71 | D        | Found Rupha's Book Shop.
    71 | D        | Found Githrukh's Jewellery Boutique.
    71 | D        | Found Bockacki's Distillery.
    71 | D        | Found Mokirphe's Distillery.
    71 | D        | Found Bukiemol's Magic Scroll Shop.
    74 | D        | Reached skill level 13 in Stealth
    75 | D        | Found Deduu's Jewellery Boutique.
    75 | D        | Found Tosygumo's Jewellery Shop.
    75 | D        | Found Mor Wyn's Book Boutique.
    75 | D        | Noticed a hell hog
    77 | D        | Noticed a hell hog
   103 | D        | Learned a level 3 spell: Confusing Touch
   106 | D        | Learned a level 2 spell: Ensorcelled Hibernation
   109 | D        | Killed Menkaure
   110 | D        | Learned a level 3 spell: Dazzling Flash
   114 | D        | Learned a level 3 spell: Tukima's Dance
   330 | D        | Found Cealle's General Store.
   330 | D        | Found Puamaell's Antique Armour Boutique.
   330 | D        | Noticed an oklob plant
   330 | D        | Noticed an ice dragon
   331 | D        | Found Joczius's Antique Armour Boutique.
   331 | D        | Found Weruxaz's Book Shoppe.
   339 | D        | Bought a ring of poison resistance for 240 gold pieces
   353 | D        | Bought a potion of flight for 33 gold pieces
   408 | D        | Found a blossoming altar of Fedhas.
   408 | D        | Found an opulent altar of Gozag.
   409 | D        | Found a white marble altar of Elyvilon.
   409 | D        | Found a burning altar of Makhleb.
   410 | D        | Found a shadowy altar of Dithmenos.
   410 | D        | Found a corrupted altar of Lugonu.
   411 | D        | Found a snail-covered altar of Cheibriados.
   411 | D        | Found an ancient bone altar of Kikubaaqudgha.
   411 | D        | Found a bloodstained altar of Trog.
   413 | D        | Found a viscous altar of Jiyva.
   413 | D        | Found a shimmering blue altar of Sif Muna.
   414 | D        | Found a hazy altar of Hepliaklqana.
   414 | D        | Found a sacrificial altar of Ru.
   415 | D        | Found a shimmering altar of Xom.
   416 | D        | Found a stormy altar of Qazlal.
   416 | D        | Found an ornate altar of the Wu Jian Council.
   416 | D        | Found a sparkling altar of Nemelex Xobeh.
   416 | D        | Found a hide-covered altar of Uskayaw.
   416 | D        | Found a basalt altar of Yredelemnul.
   416 | D        | Found a glowing golden altar of the Shining One.
   416 | D        | Noticed a hornet
   416 | D        | Noticed a polar bear
   417 | D        | Found a radiant altar of Vehumet.
   417 | D        | Found an iron altar of Okawaru.
   417 | D        | Found a glowing silver altar of Zin.
   417 | D        | Noticed a yaktaur
   417 | D        | Noticed a polar bear
   422 | D        | Became a worshipper of Dithmenos the Shadowed
   429 | D        | Noticed a polar bear
   432 | D        | Killed a yaktaur
   438 | D        | Killed a hornet
   439 | D        | Reached skill level 5 in Fighting
   439 | D        | Reached skill level 14 in Stealth
   442 | D        | Reached * piety under Dithmenos
   464 | D        | Killed a polar bear
   465 | D        | Reached skill level 10 in Short Blades
   465 | D        | Reached XP level 9. HP: 21/47 MP: 15/22
   468 | D        | Killed a polar bear
   469 | D        | Reached skill level 15 in Stealth
   470 | D        | Killed a polar bear
   470 | D        | Reached ** piety under Dithmenos
   951 | D        | Noticed a crystal guardian
   952 | D        | Noticed a death drake
  1401 | D        | Noticed a death drake
  1417 | D        | Killed a death drake
  1441 | D        | HP: 1/48 [poisoned by a death drake (dark miasma)]
  1441 | D        | Mangled by a death drake

Illustrated notes

Levels and vault maps discovered:
D:        the_violet_keep_of_menkaure [sprint2_stairs_cluster_1,
          sprint2_shoproom, sprint2_temple, sprint2_basic_supplies,
          sprint2_obstacle_6, sprint2_obstacle_5, sprint2_obstacle_3,
          sprint2_obstacle_7, sprint2_obstacle_1, sprint2_timed_cluster_1,
          sprint2_smallroom_cluster_1, sprint2_smallroom_final_cluster_1,
          sprint2_transparent_cluster_1, sprint2_second_timed_cluster_1,
          sprint2_sniper_area_1, sprint2_heavy_combat_area_1,
          sprint2_mutation_trap_area_1, sprint2_forest_area_1,
          sprint2_light_combat_area_1, sprint2_behind_water_1,
          sprint2_near_end_vault_1]

Skill      XL: |  1  2  3  4  5  6  7  8  9 |
---------------+----------------------------+-----
Dodging        | 6 7 9 10 12 13 | 13.7
Hexes          | 6 7 8 10 11 12 | 12.7
Short Blades   | 4 6 7 8 10 | 10.3
Stealth        | 8 9 11 12 14 15 | 15.4
Spellcasting   | 4 5 6 7 8 9 |  9.2
Fighting       | 2 3 4 5 6 |  6.0

Action                   |  1- 3 |  4- 6 |  7- 9 || total
-------------------------+-------+-------+-------++-------
Melee: Dagger            |    11 |     3 |    41 ||    55
       Punch             |       |       |     1 ||     1
 Fire: Arbalest          |       |       |     2 ||     2
 Cast: Ensorcelled Hiber |       |       |    22 ||    22
       Confusing Touch   |       |       |     4 ||     4
  Use: Potion            |     2 |       |     5 ||     7
       Scroll            |       |       |     1 ||     1
 Stab: Invisible         |     3 |       |       ||     3
       Sleeping          |     2 |     3 |    13 ||    18
       Confused          |       |       |     4 ||     4
Armor: Robe              |       |       |     2 ||     2
Dodge: Dodged            |     3 |       |    56 ||    59
